 Seeded DCSS version 0.26-a0-20-g5f92b90 (webtiles) character file.

Game seed: 4080357608383404939, levelgen mode: deterministic

27 Buxparty the Caller (level 3, -8/16 HPs)
             Began as a Vine Stalker Summoner on May 25, 2020.
             Mangled by Crazy Yiuf
             ... wielding a +4 quarterstaff of chaos
              (17 damage)
             ... on level 2 of the Dungeon.
             The game lasted 00:07:37 (1658 turns).

Buxparty the Caller (Vine Stalker Summoner)         Turns: 1658, Time: 00:07:38

Health: -8/16      AC:  2    Str: 10    XL:     3   Next: 10%
Magic:  0/8        EV: 12    Int: 16    God:
Gold:   26         SH:  0    Dex: 14    Spells: 4/7 levels left

rFire    . . .     SeeInvis .   (no weapon)
rCold    . . .     Gourm    .   (no shield)
rNeg     . . .     Faith    .   a - +0 robe
rPois    .         Spirit   +   (no helmet)
rElec    .         Reflect  .   (no cloak)
rCorr    .         Harm     .   (no gloves)
MR       .....                  (no boots)
Stlth    ++........             (no amulet)
HPRegen  0.05/turn              (no ring)
MPRegen  0.11/turn              (no ring)

@: mighty
A: fangs 2, magic shield, antimagic bite, no potion heal 3, rot immunity
a: no special abilities


You were on level 2 of the Dungeon.
You were not hungry.

You visited 1 branch of the dungeon, and saw 2 of its levels.

You collected 26 gold pieces.

Inventory:

Armour
 a - a +0 robe (worn)
Scrolls
 b - a scroll of remove curse {unknown}
 d - a scroll of fog {unknown}
 g - a scroll of amnesia {unknown}
 h - a scroll of enchant armour {unknown}
 j - a scroll of random uselessness {unknown}
 k - a scroll of magic mapping {unknown}
Potions
 e - a potion of curing {unknown}
 f - 2 potions of haste {unknown}
 i - a potion of stabbing {unknown}
Comestibles
 c - 2 rations
 l - a chunk of flesh


   Skills:
 + Level 1.9 Dodging
 + Level 3.0 Stealth
 + Level 2.7 Spellcasting
 + Level 4.2 Summonings


You had 4 spell levels left.
You knew the following spells:

 Your Spells              Type           Power        Failure   Level  Hunger
a - Summon Small Mammal   Summ           ###.         3%          1    #......
b - Call Imp              Summ           ###.....     5%          2    ##.....

Your spell library contained the following spells:

 Spells                   Type           Power        Failure   Level  Hunger
 Call Canine Familiar     Summ           ###.....     11%         3    ###....
 Summon Guardian Golem    Hex/Summ       #.......     24%         3    ###....
 Summon Ice Beast         Ice/Summ       #.......     63%         4    #####..
 Summon Lightning Spire   Summ/Air       #.......     63%         4    #####..


Dungeon Overview and Level Annotations

Branches:
Dungeon (2/15)

Altars:

Annotations:
D:2 Crazy Yiuf


Innate Abilities, Weirdness & Mutations

You have extremely sharp teeth.
When hurt, damage is shared between your health and your magic reserves.
Your bite disrupts and absorbs the magic of your enemies.
Potions cannot restore your health.
You are immune to rotting.


Message History

Your rat bites Crazy Yiuf.
There is an open translucent door here.
Your white imp disappears in a puff of smoke!
Your rat misses Crazy Yiuf.
Your rat bites Crazy Yiuf but does no damage.
Crazy Yiuf hits you with a +4 quarterstaff of chaos!
You feel very mighty all of a sudden.
Your rat bites Crazy Yiuf.
Your rat bites Crazy Yiuf but does no damage.
Your rat barely misses Crazy Yiuf. 2 jackals come into view.
A jackal comes into view.
Casting: Summon Small Mammal (safe; 3% risk of failure)
Confirm with . or Enter, or press ? or * to list all spells.
A beastly little devil appears in a puff of flame.
The jackal barks! x2
You punch Crazy Yiuf!
Crazy Yiuf is severely wounded.
Crazy Yiuf hits you but does no damage.
You are electrocuted!!
Ouch! That really hurt!
You die...

..#### ...... .
#...##.# #....#.#
♣♣♣♣♣##......
#####♣♣♣@♣..+..#..#
#...#♣rg♣.PP..h#..#
#...'r♣♣♣♣5h.h....#
#)..#♣♣ ♣♣P+..÷..#
##### ♣♣##.#..#
#.#..# #.#..#
#######.#..# .
####.#.#.#.#..#...#


You could see Crazy Yiuf, 3 jackals, a friendly crimson imp (summoned) and 2
friendly rats.

Vanquished Creatures
  A bat (D:1)
1 creature vanquished.

Vanquished Creatures (collateral kills)
  An adder (D:2)
  A leopard gecko (D:1)
  8 goblins (D:1)
  7 kobolds (D:1)
  2 ball pythons (D:1)
  5 bats (D:1)
  5 frilled lizards (D:1)
  2 rats (D:1)
31 creatures vanquished.

Grand Total: 32 creatures vanquished

Notes
Turn   | Place    | Note
-------+----------+-------------------------------------------
     0 | D:1      | Buxparty the Vine Stalker Summoner began the quest for the
                  | Orb.
     0 | D:1      | Reached XP level 1. HP: 9/9 MP: 4/4
   468 | D:1      | Reached XP level 2. HP: 13/13 MP: 3/6
   493 | D:1      | Learned a level 2 spell: Call Imp
  1568 | D:2      | Reached XP level 3. HP: 16/16 MP: 1/8
  1642 | D:2      | Found a runed translucent door.
  1643 | D:2      | Noticed Crazy Yiuf
  1658 | D:2      | Mangled by Crazy Yiuf

Illustrated notes

Levels and vault maps discovered:
D:1:      minmay_arrival_stone_box, layout_basic, minmay_pentomino_o4
D:2:      layout_basic, marbit_many_paths, minmay_box_of_dots,
          uniq_crazy_yiuf_cottage

Skill      XL: |  1  2 |
---------------+-------+-----
Stealth        | 3 |  3.0
Dodging        | |  1.9
Spellcasting   | |  2.7
Summonings     | |  4.2

Action                   || total
-------------------------++-------
Melee: Unarmed           ||     5
       Bite              ||     3
 Cast: Summon Small Mamm ||    32
       Call Imp          ||     6
  Eat: Chunk             ||     3
Armor: Robe              ||    17
Dodge: Dodged            ||    42

Table legend:
 A = Non-vault XP
 B = Vault XP
 C = Vault XP percentage of total XP
 D = Non-vault monster count
 E = Vault monster count
 F = Vault count percentage of total count
                 A         B        C        D         E       F
            +---------+---------+-------+---------+---------+-------
      Total |      37 |       2 |   5.1 |      30 |       2 |   6.2
            +---------+---------+-------+---------+---------+-------
        D:1 |      30 |       2 |   6.2 |      29 |       2 |   6.5
        D:2 |       7 |       0 |   0.0 |       1 |       0 |   0.0
            +---------+---------+-------+---------+---------+-------
